Map: Lost and Found LE

Players

Kelazhur

  • Race: Terran Terran
  • League: Master
  • Spawn Location: 1:00

Denver - Winner!

  • Race: Zerg Zerg
  • League: Master
  • Spawn Location: 7:00

Event: HomeStory Cup XVIII

VOD

Have the link to the VOD?

Description

Time

  • Played on: Nov. 22, 2018, 10:52 a.m.
  • Length: 10:25

All games in this series

Show
View Real Time Build Order
Export as new Build Order

Kelazhur Terran 

Build Orders: Reaper Expand, Hellion Banshee 

Get SALT Encoding   

  12  0:00  SCV  
  13  0:12  SCV  
  14  0:17  Supply Depot  
  14  0:25  SCV  
  15  0:38  SCV  
  15  0:40  Barracks  
  16  0:43  Refinery  
  16  0:50  SCV  
  17  1:02  SCV  
  18  1:14  SCV  
  19  1:27  Reaper, Orbital Command  
  20  1:39  Command Center  
  20  1:46  Supply Depot  
  20  1:52  SCV  
  21  1:58  Marine  
  22  2:03  Factory  
  22  2:05  SCV  
  23  2:10  Refinery  
  23  2:17  SCV  
  23  2:20  Barracks Reactor  
  23  2:41  SCV  
  18  2:59  SCV  
  18  3:03  Marine x2  
  21  3:09  Starport  
  21  3:11  SCV  
  21  3:12  Factory Tech Lab  
  22  3:18  Orbital Command  
  22  3:23  SCV  
  23  3:35  SCV  
  24  3:47  SCV x2  
  26  3:51  Hellion x2  
  26  3:52  Cloaking Field, Banshee  
  33  3:59  Supply Depot, SCV  
  33  4:01  SCV  
  35  4:11  SCV  
  35  4:12  Hellion x2  
  35  4:13  SCV  
  41  4:23  SCV  
  42  4:25  SCV  
  43  4:33  Armory  
  43  4:35  Hellion x2  
  43  4:38  SCV x2  
  49  4:40  Banshee  
  52  4:50  SCV x2  
  52  4:51  Supply Depot  
  53  4:59  Hellion x2  
  57  5:02  SCV  
  58  5:08  SCV  
  59  5:14  Supply Depot  
  59  5:16  SCV  
  59  5:21  Hellion x2, SCV  
  65  5:22  Supply Depot  
  65  5:27  Banshee  
  68  5:28  SCV  
  69  5:36  Barracks Tech Lab  
  69  5:41  SCV  
  70  5:46  SCV  
  70  5:49  Command Center  
  67  5:53  SCV  
  67  5:54  Marine  
  69  5:58  Barracks  
  69  5:59  SCV  
  69  6:01  Barracks  
  69  6:03  Stimpack  
  70  6:09  Factory Tech Lab  
  70  6:11  SCV  
  70  6:16  SCV  
  70  6:17  Engineering Bay  
  72  6:18  Engineering Bay  
  72  6:23  SCV  
  73  6:27  Supply Depot, Marine  
  73  6:30  Starport Reactor, Siege Tank  
  73  6:32  Refinery  
  77  6:33  Refinery, SCV  
  77  6:35  Terran Vehicle Weapons Level 1, SCV  
  79  6:43  Terran Infantry Weapons Level 1  
  79  6:44  Terran Infantry Armor Level 1  
  80  6:47  Marine x2, SCV x2  
  80  6:48  Marine  
  80  6:50  Barracks Reactor  
  84  7:03  Orbital Command  
  84  7:07  SCV x2  
  86  7:08  Marine  
  86  7:09  Marine x2  
  86  7:13  Siege Tank  
  86  7:14  Barracks x2  
  92  7:18  Supply Depot  
  92  7:21  Medivac  
  94  7:29  Marine x3  
  96  7:30  Marine, Marauder  
  96  7:36  Medivac  
  102  7:43  Supply Depot  
  100  7:46  Supply Depot  
  100  7:47  Supply Depot  
  100  7:48  Supply Depot  
  94  7:53  Medivac  
  94  7:55  Marauder  
  94  7:58  Marine, Orbital Command  
  87  8:01  SCV  
  87  8:03  Marine x3  
  91  8:09  Barracks Reactor  
  91  8:13  Combat Shield  
  91  8:15  Marine  
  91  8:16  Marine, SCV x2  
  95  8:20  Marine  
  95  8:22  Marauder  
  95  8:24  Siege Tank  
  98  8:28  SCV x3  
  98  8:32  Marine  
  98  8:33  Marine x2  
  104  8:34  Marauder  
  104  8:38  Refinery  
  106  8:43  Marauder, SCV  
  106  8:44  Medivac  
  106  8:45  Medivac  
  106  8:46  SCV  
  114  8:53  Marine x3  
  117  8:58  Supply Depot x2  
  117  9:03  Supply Depot, Missile Turret  
  117  9:19  Marine, Marauder, Siege Tank, SCV x2  
  117  9:20  Marauder  
  78  9:41  Marauder  
  78  9:42  Marauder  
  78  9:43  Marine x6  
  74  9:51  SCV x3  
  68  10:01  Marine x6  
  68  10:03  Marine, SCV x2  
  68  10:04  SCV  
Show
View Real Time Build Order
Export as new Build Order

Denver Zerg - Winner!

Build Orders: Pool First 

Get SALT Encoding   

  12  0:00  Drone  
  13  0:13  Overlord  
  13  0:17  Drone  
  14  0:31  Drone x2  
  16  0:40  Spawning Pool  
  15  0:44  Drone  
  15  0:49  Drone  
  17  1:08  Hatchery  
  16  1:11  Drone  
  17  1:27  Zergling x4  
  17  1:28  Zergling x2  
  17  1:30  Queen  
  22  1:34  Extractor  
  21  1:42  Overlord  
  21  1:52  Drone  
  22  2:02  Drone  
  22  2:06  Queen  
  25  2:12  Drone  
  26  2:22  Queen  
  28  2:23  Drone x2  
  30  2:36  Drone x2  
  32  2:39  Metabolic Boost  
  31  2:44  Drone x3  
  31  2:46  Overlord  
  34  2:54  Overlord  
  32  3:06  Hatchery  
  32  3:10  Drone  
  32  3:11  Drone  
  33  3:15  Drone  
  33  3:17  Drone x2  
  36  3:20  Drone  
  36  3:22  Drone  
  36  3:25  Drone  
  39  3:27  Drone x2  
  39  3:33  Queen  
  43  3:40  Overlord  
  43  3:46  Roach Warren  
  43  3:48  Drone x2  
  44  3:51  Overlord  
  44  3:57  Overlord  
  44  4:01  Zergling x8  
  48  4:07  Drone  
  48  4:08  Extractor  
  48  4:12  Evolution Chamber  
  48  4:13  Drone  
  48  4:16  Overlord  
  48  4:18  Queen  
  48  4:21  Drone x2  
  52  4:27  Drone x3  
  55  4:32  Roach x3  
  61  4:41  Roach x3  
  66  4:48  Zerg Missile Weapons Level 1  
  66  4:50  Extractor  
  66  4:51  Overlord  
  65  4:53  Drone  
  65  4:55  Spore Crawler  
  65  4:56  Spore Crawler  
  64  5:01  Lair  
  64  5:02  Drone  
  64  5:03  Drone  
  64  5:04  Drone  
  66  5:09  Drone x3  
  66  5:12  Drone  
  66  5:13  Drone  
  71  5:18  Roach x2  
  75  5:22  Drone x3  
  75  5:24  Spore Crawler  
  76  5:28  Drone x2  
  76  5:29  Drone  
  76  5:32  Spore Crawler  
  76  5:33  Drone  
  76  5:38  Drone x3  
  78  5:43  Queen  
  78  5:45  Drone x2  
  78  5:46  Drone  
  83  5:50  Drone  
  83  5:51  Drone x2  
  83  5:54  Extractor  
  85  5:57  Roach x3  
  85  5:59  Overlord  
  85  6:03  Overseer  
  87  6:04  Overlord  
  87  6:07  Roach  
  87  6:09  Extractor x2  
  87  6:11  Overlord  
  87  6:12  Overlord  
  87  6:15  Drone  
  87  6:16  Drone x2  
  88  6:19  Overlord, Evolution Chamber  
  88  6:20  Glial Reconstitution  
  88  6:23  Drone x2  
  89  6:26  Roach  
  89  6:27  Roach  
  89  6:28  Overseer  
  89  6:31  Drone x3  
  96  6:36  Roach x2  
  96  6:37  Roach  
  102  6:40  Drone  
  102  6:46  Roach x2  
  107  6:49  Hatchery  
  107  6:52  Zerg Ground Armor Level 1  
  106  7:00  Roach x5  
  114  7:08  Zerg Missile Weapons Level 2  
  114  7:09  Roach x3  
  114  7:11  Overseer  
  120  7:22  Drone x6  
  126  7:24  Overlord  
  126  7:26  Overlord  
  126  7:27  Hatchery  
  126  7:29  Overlord  
  123  7:36  Overlord  
  121  7:41  Overlord  
  121  7:44  Roach  
  121  7:45  Roach x5  
  121  7:49  Overlord  
  131  7:53  Roach x3  
  121  7:59  Roach  
  121  8:00  Roach x4  
  121  8:01  Roach  
  117  8:08  Roach x2  
  117  8:09  Roach  
  117  8:10  Burrow  
  117  8:11  Tunneling Claws  
  121  8:16  Roach x2  
  121  8:18  Roach x2  
  121  8:19  Roach  
  131  8:28  Roach x3  
  131  8:32  Roach  
  139  8:35  Ravager  
  139  8:36  Ravager x4  
  139  8:37  Roach  
  146  8:42  Drone  
  146  8:43  Infestation Pit  
  146  8:44  Roach x4  
  146  8:46  Overlord  
  156  8:48  Roach x4  
  156  8:55  Ravager x2, Roach x3  
  169  8:58  Overlord  
  170  9:07  Roach  
  170  9:08  Roach x3  
  178  9:12  Spore Crawler  
  178  9:13  Overlord  
  181  9:17  Roach x2  
  181  9:30  Roach x5  
  167  9:35  Roach x3  
  146  9:41  Queen, Roach  
  146  9:42  Queen  
  134  9:50  Roach x3  
  134  9:52  Hatchery  
  116  9:57  Roach x4  
  119  10:01  Roach x3  
  119  10:02  Roach  
  119  10:05  Overseer  
  123  10:09  Extractor, Drone  
  123  10:10  Extractor, Drone x2  
Tags
 
Add a new tag
Caveats
  • Supply blocks, unpowered buildings, or Contaminate may cause inaccurate times.
  • Supply counts are checked every 10 seconds.